 Dungeon Crawl Stone Soup version 0.20-a0-1006-ge6c5631 (webtiles) character file.

11183 JeffiDaFish the Arsonist (level 11, -2/89 HPs)
             Began as a Red Draconian Fire Elementalist on Apr 13, 2017.
             Was a High Priest of Sif Muna.
             Slain by a komodo dragon (21 damage)
             ... on level 1 of the Lair of Beasts.
             The game lasted 00:39:14 (12306 turns).

JeffiDaFish the Arsonist (DrFE)                    Turns: 12306, Time: 00:39:14

Health: -2/89      AC: 12    Str: 11    XL:     11   Next: 46%
Magic:  19/41      EV: 13    Int: 17    God:    Sif Muna [*****.]
Gold:   213        SH:  0    Dex: 13    Spells: 6/26 levels left

rFire    . . .     SeeInvis .   e - +9 scimitar of the Little People {drain, rF- rN+++ MP+9 Stlth-}
rCold    . . .     Gourm    .   (no shield)
rNeg     + + +     Faith    .   (armour unavailable)
rPois    +         Spirit   .   p - +3 hat of Coub {rElec}
rElec    +         Reflect  .   s - +0 cloak
rCorr    .         Harm     .   (no gloves)
MR       +....                  k - +0 pair of boots
Stlth    +.........             (no amulet)
Regen    0.3/turn               i - ring of the Scavenger {MR+ MP+9}
MPRegen  0.3/turn               u - ring of poison resistance

@: no status effects
A: breathe fire, unfitting armour, fire resistance 1, cold-blooded, AC +7
a: Breathe Fire, Divine Energy, Channel Magic, Forget Spell, Renounce Religion


You were on level 1 of the Lair of Beasts.
You worshipped Sif Muna.
Sif Muna was extremely pleased with you.
You were hungry.

You visited 3 branches of the dungeon, and saw 11 of its levels.

You collected 638 gold pieces.
You spent 425 gold pieces at shops.

Inventory:

Hand Weapons
 e - the +9 scimitar of the Little People (weapon) {drain, rF- rN+++ MP+9 Stlth-}
   (You acquired it on level 7 of the Dungeon)

   A truly terrible weapon, it drains the life of those it strikes.
   It makes you vulnerable to fire.
   It renders you almost immune to negative energy.
   It affects your magic capacity (+9).
   It makes you less stealthy.
Armour
 k - a +0 pair of boots (worn)
 p - the +3 hat of Coub (worn) {rElec}
   (You bought it in a shop on level 6 of the Dungeon)

   It insulates you from electricity.
 s - a +0 cloak (worn)
Jewellery
 c - an uncursed ring of resist corrosion
 i - the ring of the Scavenger (left hand) {MR+ MP+9}
   (You took it off a centaur on level 5 of the Dungeon)

   [ring of magical power]

   It affects your resistance to hostile enchantments.
   It affects your magic capacity (+9).
 u - a ring of poison resistance (right hand)
 v - an uncursed ring of magical power
 z - an uncursed ring of see invisible
Scrolls
 g - 7 scrolls of teleportation
 h - 2 scrolls of identify
 j - a scroll of holy word
 m - 2 scrolls of remove curse
 r - a scroll of fear
Potions
 d - 2 potions of heal wounds
 l - 2 potions of curing
 q - a potion of flight
 t - a potion of berserk rage
Books
 a - a book of Flames

   Spells                             Type                      Level
   a - Flame Tongue                   Conjuration/Fire             1
   b - Throw Flame                    Conjuration/Fire             2
   c - Conjure Flame                  Conjuration/Fire             3
   d - Inner Flame                    Hexes/Fire                   3
   e - Sticky Flame                   Conjuration/Fire             4
   f - Fireball                       Conjuration/Fire             5
 n - the Reference Book on Black Rituals and Good Luck
   (You found it on level 6 of the Dungeon)

   Spells                             Type                      Level
   a - Pain                           Necromancy                   1
   b - Shroud of Golubria             Charms/Translocation         2
   c - Regeneration                   Charms/Necromancy            3
   d - Control Undead                 Necromancy                   4
   e - Bolt of Draining               Conjuration/Necromancy       5
   f - Dispel Undead                  Necromancy                   5
Comestibles
 b - 8 bread rations
 f - 10 royal jellies
 o - 6 meat rations
 w - 3 fruits


   Skills:
 + Level 5.9 Fighting
   Level 0.6(3.6) Short Blades
 + Level 5.8(5.9) Long Blades
 - Level 2.8 Dodging
 - Level 2.2 Stealth
 * Level 8.1 Spellcasting
 * Level 8.7 Conjurations
 + Level 3.6 Charms
 + Level 4.2 Necromancy
 * Level 10.8 Fire Magic


You had 6 spell levels left.
You knew the following spells:

 Your Spells              Type           Power        Failure   Level  Hunger
a - Flame Tongue          Conj/Fire      #####        1%          1    None
b - Throw Flame           Conj/Fire      #####.       1%          2    None
c - Sticky Flame          Conj/Fire      #####...     1%          4    ###....
d - Fireball              Conj/Fire      #####.....   8%          5    #####..
e - Regeneration          Chrm/Necr      ###.......   8%          3    #......
f - Bolt of Draining      Conj/Necr      ####......   21%         5    #####..


Dungeon Overview and Level Annotations

Branches:
Dungeon (9/15)             Temple (1/1) D:5            Lair (1/6) D:9
    Orc (0/2) D:9

Altars:
Ashenzari
Dithmenos
Elyvilon
Gozag
Hepliaklqana
Kikubaaqudgha
Makhleb
Okawaru
Sif Muna
Trog
Uskayaw
Wu Jian
Xom
Zin
The Shining One

Shops:
D:4 **   D:6 [   D:8 ?%***

Annotations:
Lair:1 Joseph


Innate Abilities, Weirdness & Mutations

You can breathe blasts of fire.
Your fiery red scales are hard. (AC +7)
You cannot fit into any form of body armour.
Your flesh is heat resistant. (rF+)
You are cold-blooded and may be slowed by cold attacks.


Message History

Press: ? - help, Shift-Dir - straight line, f - yak
Aim: a yak (moderately wounded, lightly drained)
The sticky flame hits the yak.
The yak is heavily wounded.
The yak is covered in liquid flames!
The yak burns!
The yak gores you.
* * * LOW HITPOINT WARNING * * *
You slash the yak! You drain the yak!
You kill the yak!
Sif Muna accepts your kill.
Casting: Sticky Flame
Confirm with . or Enter, or press ? or * to list all spells.
Aiming: Sticky Flame
Press: ? - help, Shift-Dir - straight line, f - komodo dragon
Aim: a komodo dragon The sticky flame hits the komodo dragon.
The komodo dragon is lightly wounded.
The komodo dragon is covered in liquid flames!
You are feeling hungry.
The komodo dragon burns!
The komodo dragon bites you!!
You die...

#.....#####......#####..#
###............## #......
##....8....#. #......
##........# #......
##.8...8.## ##......
##........## #......# ###
##.....8....## #......#
#..##..(.........#
##.....#
####...((.###@##...
##...... #.....((..#@l##
#. ##.......
#.8.$.†###.l## +.......:
#...###....## ###......
...###......# #...... ..
......... # ## #...... .
........# #.#P##.....#
......... #..........#
........## ####P.......


You could see Joseph, a komodo dragon (burning) and a basilisk.

Vanquished Creatures
  2 two-headed ogres (D:8)
  3 death yaks (D:9)
  The ghost of murtidash the Zephyrmancer, a novice TeAE of Vehumet (D:6)
  A spiny frog (Lair:1)
  A komodo dragon (Lair:1)
  A troll (D:9)
  2 hornets (D:8)
  Prince Ribbit (D:5)
  Grinder (D:6)
  5 blink frogs (Lair:1)
  2 hippogriffs
  A wyvern (D:9)
  3 yaks (Lair:1)
  A soldier ant (D:8)
  A porcupine (Lair:1)
  2 ice beasts (D:7)
  2 sky beasts
  4 orc warriors
  A black bear (D:7)
  2 necrophages (D:7)
  2 phantoms
  4 ogres
  4 centaurs
  A crocodile (D:9)
  A big kobold (D:8)
  3 bullfrogs
  2 gnoll sergeants
  2 wyvern skeletons
  5 scorpions
  3 wights (D:8)
  A howler monkey (D:7)
  4 crimson imps
  3 centaur skeletons
  A hound (D:8)
  A jelly (D:5)
  A bullfrog zombie (D:5)
  2 bullfrog skeletons
  5 orc priests
  Crazy Yiuf (D:6)
  3 orc wizards
  A gnoll shaman (D:7)
  2 iguanas
  A hell rat (D:9)
  8 worker ants
  13 gnolls
  A howler monkey skeleton (D:8)
  11 adders
  3 river rats (D:9)
  An ooze (D:1)
  2 adder skeletons
  2 worms
  2 dart slugs (D:1)
  5 leopard geckos
  41 orcs
  8 bats
  5 giant cockroaches
  11 goblins
  12 hobgoblins
  17 jackals
  6 quokkas
  2 frilled lizards
  A jackal zombie (D:7)
  19 kobolds
  10 rats
  A toadstool (D:1)
271 creatures vanquished.

Vanquished Creatures (others)
  2 worker ants (D:5)
  A quokka (D:2)
  A jackal skeleton (D:5)
  3 toadstools (D:1)
7 creatures vanquished.

Grand Total: 278 creatures vanquished

Notes
Turn   | Place    | Note
-------+----------+-------------------------------------------
     0 | D:1      | JeffiDaFish the Draconian Fire Elementalist began the quest for the Orb.
     0 | D:1      | Reached XP level 1. HP: 14/14 MP: 3/3
   219 | D:1      | Reached XP level 2. HP: 8/20 MP: 3/5
   553 | D:1      | Learned a level 2 spell: Throw Flame
   726 | D:1      | Reached XP level 3. HP: 26/26 MP: 4/6
  1304 | D:2      | Reached XP level 4. HP: 22/33 MP: 4/7
  1596 | D:2      | Found a white marble altar of Elyvilon.
  2000 | D:3      | Learned a level 4 spell: Sticky Flame
  2554 | D:3      | Reached XP level 5. HP: 17/39 MP: 7/9
  2794 | D:3      | Noticed a centaur
  2801 | D:3      | Killed a centaur
  2801 | D:3      | Reached skill level 1 in Fighting
  2801 | D:3      | Reached skill level 1 in Long Blades
  2801 | D:3      | Reached skill level 4 in Fire Magic
  3044 | D:4      | Found a shattered altar of Ashenzari.
  3286 | D:4      | Found Abophim's Assorted Antiques.
  3298 | D:4      | Reached XP level 6. HP: 31/47 MP: 8/10
  3861 | D:4      | Your scales start taking on a fiery red colour.
  3861 | D:4      | Reached skill level 5 in Fire Magic
  3861 | D:4      | Reached XP level 7. HP: 44/55 MP: 1/12
  3861 | D:4      | Gained mutation: Your flesh is heat resistant. (rF+) [Red Draconian growth]
  3997 | D:4      | Found Deusujek's Assorted Antiques.
  4000 | D:4      | Identified the +5 dagger "Vichud" {chaos, Str+2} (You found it on level 4 of the Dungeon)
  4230 | D:5      | Entered Level 5 of the Dungeon
  4543 | D:5      | Reached skill level 6 in Fire Magic
  4850 | D:5      | Noticed Prince Ribbit
  4859 | D:5      | Killed Prince Ribbit
  5055 | D:5      | Reached XP level 8. HP: 16/62 MP: 8/14
  5057 | D:5      | Got a slimy glass ring
  5415 | D:5      | Found a staircase to the Ecumenical Temple.
  5424 | Temple   | Entered the Ecumenical Temple
  5435 | Temple   | Became a worshipper of Sif Muna the Loreminder
  5646 | D:5      | Reached skill level 5 in Conjurations
  5859 | D:6      | Learned a level 5 spell: Fireball
  5867 | D:6      | Identified the Reference Book on Black Rituals and Good Luck
  5902 | D:6      | Reached skill level 7 in Fire Magic
  6001 | D:6      | Found Piypo's Antique Armour Emporium.
  6002 | D:6      | Noticed murtidash's ghost (novice TeAE)
  6007 | D:6      | Noticed Grinder
  6022 | D:6      | Killed murtidash's ghost
  6022 | D:6      | Reached skill level 5 in Spellcasting
  6035 | D:6      | HP: 1/63 [wyvern skeleton (4)]
  6041 | D:6      | Reached * piety under Sif Muna
  6105 | D:6      | Paralysed by Grinder for 4 turns
  6110 | D:6      | Killed Grinder
  6110 | D:6      | Reached XP level 9. HP: 21/71 MP: 11/17
  6659 | D:6      | Bought a brightly glowing cloak for 218 gold pieces
  6664 | D:6      | Identified the +2 cloak "Cajeu" {rElec Str+2 Int-5} (You bought it in a shop on level 6 of the Dungeon)
  6838 | D:6      | Found a runed door.
  6842 | D:6      | Noticed Crazy Yiuf
  6845 | D:6      | Killed Crazy Yiuf
  7054 | D:6      | Reached skill level 8 in Fire Magic
  7474 | D:7      | Learned a level 3 spell: Regeneration
  8108 | D:7      | Identified the ring of the Scavenger {MR+ MP+9} (You took it off a centaur on level 5 of the Dungeon)
  8300 | D:7      | Reached ** piety under Sif Muna
  8300 | D:7      | Reached skill level 1 in Charms
  8300 | D:7      | Reached skill level 1 in Necromancy
  8821 | D:7      | Identified a scroll of acquirement
  8822 | D:7      | Got a crude scimitar
  8823 | D:7      | Identified the +9 scimitar of the Little People {drain, rF- rN+++ MP+9 Stlth-} (You acquired it on level 7 of the Dungeon)
  8836 | D:7      | Found an iron altar of Okawaru.
  8922 | D:7      | Learned a level 5 spell: Bolt of Draining
  9205 | D:8      | Reached skill level 9 in Fire Magic
  9226 | D:8      | Found Hier's General Store.
  9259 | D:8      | Found Esecve's General Store.
  9383 | D:6      | Bought a bloodstained hat for 207 gold pieces
  9388 | D:6      | Identified the +3 hat of Coub {rElec} (You bought it in a shop on level 6 of the Dungeon)
  9454 | D:8      | Noticed a two-headed ogre
  9466 | D:8      | Killed a two-headed ogre
  9466 | D:8      | Reached XP level 10. HP: 61/80 MP: 19/19
  9517 | D:8      | Reached *** piety under Sif Muna
  9582 | D:8      | Noticed a two-headed ogre
  9588 | D:8      | Killed a two-headed ogre
  9588 | D:8      | Reached skill level 5 in Long Blades
  9617 | D:8      | Reached skill level 5 in Fighting
  9761 | D:8      | Found Venogawn's General Store.
 10073 | D:8      | Reached **** piety under Sif Muna
 10349 | D:8      | Found Gamoqu's Magic Scroll Boutique.
 10424 | D:8      | Found Hykkefer's Food Boutique.
 10854 | D:9      | Reached skill level 10 in Fire Magic
 10891 | D:9      | Found a staircase to the Orcish Mines.
 10948 | D:9      | Noticed a death yak
 10974 | D:9      | Killed a death yak
 11329 | D:9      | Noticed a death yak
 11330 | D:9      | Noticed a death yak
 11364 | D:9      | Killed a death yak
 11364 | D:9      | Reached XP level 11. HP: 50/88 MP: 22/22
 11367 | D:9      | Killed a death yak
 11371 | D:9      | Reached ***** piety under Sif Muna
 11545 | D:9      | Found a staircase to the Lair.
 11664 | Lair:1   | Entered Level 1 of the Lair of Beasts
 11677 | Lair:1   | Identified Sif Muna's Handbook of Toxic Ignition (Sif Muna gifted it to you on level 1 of the Lair of Beasts)
 11677 | Lair:1   | Received a gift from Sif Muna
 12285 | Lair:1   | Noticed Joseph
 12306 | Lair:1   | Slain by a komodo dragon

Vault maps used:
D:1:      ldierk_water_garden, kennysheep_decorative_pillar,
          kennysheep_minor_cross, roderic_roman_lattice, hex_tiny
D:2:      elyvilon_altar_4
D:4:      serial_shops, nicolae_shop_overgrown_old_shop, shop_fountains,
          serial_bayou_ford_a, ashenzari_altar_1
D:5:      lemuel_temple_firewalk_a, first_bread, grunt_ministairs_12,
          uniq_prince_ribbit1
D:6:      serial_shops, shop, minmay_misc_feat_tiny, uniq_grinder,
          uniq_crazy_yiuf_cottage
D:7:      cheibrodos_barr_body, okawaru_altar_gauntlet_db,
          hangedman_abyss_or_decor_slice
D:8:      serial_shops, nicolae_shop_statue_plus, shop, shop,
          nicolae_shop_competitors_out_of_business,
          nicolae_shop_window_shopping, hangedman_pestilent_swarm,
          nrook_pool_corridor
D:9:      dpeg_lair_monsters, hiddenorc1_lemuel
Temple:   dpeg_three_leaves_temple
Lair:1:   serial_bayou_shore_b, grunt_megastairs_4, uniq_joseph

Skill      XL: |  1  2  3  4  5  6  7  8  9 10 11 |
---------------+----------------------------------+-----
Stealth        | 2 |  2.2
Dodging        | 2 |  2.8
Fighting       | 1 2 3 4 5 |  5.9
Long Blades    | 1 2 3 4 5 |  5.8
Spellcasting   | 3 4 5 6 7 8 |  8.1
Conjurations   | 2 3 4 5 7 8 |  8.7
Fire Magic     | 4 5 6 7 9 10 | 10.8
Charms         | 2 3 |  3.6
Necromancy     | 1 3 4 |  4.2
Short Blades   | |  0.6

Action                   |  1- 3 |  4- 6 |  7- 9 | 10-12 || total
-------------------------+-------+-------+-------+-------++-------
Melee: Unarmed           |    23 |       |       |       ||    23
       Tailslap          |    11 |    17 |    55 |    11 ||    94
       Short sword       |    73 |    18 |       |       ||    91
       Falchion          |       |   115 |   374 |       ||   489
       Scimitar          |       |       |    56 |   154 ||   210
 Cast: Flame Tongue      |    41 |    59 |    57 |    16 ||   173
       Throw Flame       |       |     2 |    20 |    10 ||    32
       Sticky Flame      |       |     1 |    29 |    26 ||    56
       Fireball          |       |       |     2 |    11 ||    13
       Regeneration      |       |       |       |     4 ||     4
  Use: Scroll            |     5 |     4 |    11 |     3 ||    23
       Potion            |     3 |     2 |     8 |     1 ||    14
 Stab: Sleeping          |     1 |       |       |       ||     1
  Eat: Chunk             |     2 |     8 |    13 |    17 ||    40
       Meat ration       |       |       |     2 |       ||     2
       Royal jelly       |       |       |     1 |       ||     1
Armor: Skin              |    37 |    52 |   166 |    55 ||   310
Dodge: Dodged            |    86 |   134 |   308 |   104 ||   632
       Rpst.: Falchion   |       |    40 |    76 |       ||   116
       Scimitar          |       |       |     7 |    16 ||    23
